 Dungeon Crawl Stone Soup version 0.17-a0-1716-gdf19ebb (webtiles) character file.

46 Leibowitz the Poker (level 3, 0/28 HPs)
             Began as a Merfolk Gladiator on Aug 24, 2015.
             Slain by Leibowitz's ghost (5 damage)
             ... on level 3 of the Dungeon.
             The game lasted 00:04:56 (1445 turns).

Leibowitz the Poker (Merfolk Gladiator)             Turns: 1445, Time: 00:04:56

Health: 0/28       AC:  4    Str: 15    XL:     3   Next: 66%
Magic:  3/3        EV:  9    Int:  7    God:
Gold:   126        SH:  0    Dex: 15    Spells: 0 memorised, 2 levels left

rFire  . . .     SeeInvis .     a - +0 trident
rCold  . . .     Clarity  .     e - +0 leather armour
rNeg   . . .     SustAt   .     (no shield)
rPois  .         Gourm    .     c - +0 helmet
rElec  .         Spirit   .     (no cloak)
rCorr  .         Warding  .     (no gloves)
rMut   .         Stasis   .     (no boots)
MR     .....                    (no amulet)
Stlth  +.........               (no ring)
                                (no ring)

@: not resistant to hostile enchantments, very unstealthy
A: change form in water, swift swim
a: no special abilities


You were on level 3 of the Dungeon.
You were not hungry.

You visited 1 branch of the dungeon, and saw 3 of its levels.

You collected 126 gold pieces.

Inventory:

Hand weapons
 a - a +0 trident (weapon)
 l - a +2 short sword of flaming
Missiles
 d - 3 throwing nets (quivered)
Armour
 c - a +0 helmet (worn)
 e - a +0 leather armour (worn)
Scrolls
 h - a scroll of identify {unknown}
 i - 4 scrolls of remove curse {unknown}
 k - a scroll of teleportation {unknown}
 q - a scroll of magic mapping {unknown}
Potions
 g - a potion of flight {unknown}
 j - a potion of invisibility {unknown}
 n - 3 potions of degeneration {unknown}
 p - a potion of lignification {unknown}
 r - 2 potions of curing {unknown}
Comestibles
 b - 2 bread rations
 f - 3 meat rations
 m - 3 fruits
 o - a beef jerky
 s - a royal jelly


   Skills:
 * Level 2.5 Fighting
 * Level 5.2 Polearms
 - Level 2.0 Throwing
 + Level 0.3 Armour
 * Level 4.9 Dodging


You had 2 spell levels left.
You didn't know any spells.

Dungeon Overview and Level Annotations

Branches:
Dungeon (3/15)

Altars:
Qazlal
Xom

Annotations:
D:3 Leibowitz's ghost, average MfGl


Message History

You hit Leibowitz's ghost but do no damage.
Leibowitz's ghost is moderately damaged.
Leibowitz's ghost hits you.
You miss Leibowitz's ghost.
Leibowitz's ghost is moderately damaged.
Leibowitz's ghost hits you.
You hit Leibowitz's ghost but do no damage.
Leibowitz's ghost is moderately damaged.
Leibowitz's ghost hits you but does no damage.
You closely miss Leibowitz's ghost.
Leibowitz's ghost is moderately damaged.
Leibowitz's ghost whispers, "Death is liberation."
Leibowitz's ghost misses you.
You hit Leibowitz's ghost but do no damage.
Leibowitz's ghost is moderately damaged.
Leibowitz's ghost hits you!
* * * LOW HITPOINT WARNING * * *
There is a stone staircase leading up here.
Leibowitz's ghost hits you.
You die...

.. ..# ## #.# ..## .# ##.## ...
.# #...# ### #.# .# #...#
##@#####.### .#
#...###..W##.....# ### .##
#####...##.........#.###....
..###.............##.#..........
#....(...........###.#..........
..###...........## #.#....##....
...####.#...#.### #......# .
...# #.#...#.# ###.##.# ...#
#(#...#.# #). ...


You could see Leibowitz's ghost.

Vanquished Creatures
  A worm (D:2)
  A giant gecko (D:3)
  4 bats
  2 giant cockroaches
  7 hobgoblins
  7 jackals (D:2)
  A quokka (D:2)
  3 giant newts
  3 goblins
  6 kobolds
  3 rats
38 creatures vanquished.

Notes
Turn   | Place    | Note
--------------------------------------------------------------
     0 | D:1      | Leibowitz the Merfolk Gladiator began the quest for the Orb.
     0 | D:1      | Reached XP level 1. HP: 16/16 MP: 1/1
   193 | D:1      | Reached XP level 2. HP: 16/23 MP: 2/2
   626 | D:2      | Found a shimmering altar of Xom.
   705 | D:2      | Reached XP level 3. HP: 17/28 MP: 3/3
  1082 | D:2      | Reached skill level 5 in Polearms
  1092 | D:2      | Found a stormy altar of Qazlal.
  1418 | D:3      | Noticed Leibowitz's ghost (average MfGl)
  1445 | D:3      | Slain by Leibowitz's ghost

Vault maps used:
D:1:      tarquinn_simple_flora_water_f
D:2:      nicolae_overflow_crystal_walls, xom_teletrap_fun
D:3:      portal_sewer_entry_b

Action                   || total
-------------------------++-------
Melee: Trident           ||   172
  Eat: Chunk             ||     2
